 Dungeon Crawl Stone Soup version 0.15.1-1-gfacfea3 (webtiles) character file.

3368 Kashira the Geomancer (level 9, -4/38 HPs)
             Began as a Felid Earth Elementalist on Sept 20, 2014.
             Was a Priest of Vehumet.
             Slain by a polar bear (5 damage)
             ... on Level 1 of the Orcish Mines.
             The game lasted 01:39:38 (19777 turns).

Kashira the Geomancer (Felid Earth Elementalist)   Turns: 19777, Time: 01:39:39

HP  -4/38        AC  2     Str  6      XL: 9   Next: 73%
MP  36/38        EV 20     Int 18      God: Vehumet [***...]
Gold 929         SH  0     Dex 17      Spells:  7 memorised, 10 levels left
Lives: 0, deaths: 3

rFire  . . .     SeeInvis +       - Unarmed
rCold  . . .     Clarity  .     (armour unavailable)
rNeg   + + .     rCorr    .     (shield unavailable)
rPois  .         rRot     .     (helmet unavailable)
rElec  .         Spirit   .     (cloak unavailable)
SustAb .         Warding  +     (gloves unavailable)
rMut   .         Stasis   .     (boots unavailable)
Gourm  .                        e - amulet of warding
MR     +....                    Q - ring of magical power
                                M - ring of positive energy

@: quick, somewhat resistant to hostile enchantments, fairly stealthy
A: paw claws, no armour, no weapons or thrown items, fangs 3, see invisible,
carnivore 3, speed 1, shaggy fur 2, slow metabolism 1, jump 2
a: Jump Attack, Renounce Religion


You were on level 1 of the Orcish Mines.
You worshipped Vehumet.
Vehumet was most pleased with you.
You were not hungry.

You visited 3 branches of the dungeon, and saw 13 of its levels.

You collected 929 gold pieces.

Inventory:

Missiles
 b - 98 stones
Magical devices
 s - a wand of frost (10)
 w - a wand of frost (7)
 C - a wand of lightning (0)
 D - a wand of cold (5)
 E - a wand of slowing (11)
 F - a wand of fireball (1)
 G - a wand of lightning (2)
Comestibles
 a - 9 meat rations
 c - 2 chunks of orc flesh
 r - 3 beef jerkies
 H - a royal jelly
 J - 8 slices of pizza
Scrolls
 h - 4 scrolls of fog
 l - 3 scrolls of teleportation
 m - 4 scrolls of remove curse
 o - a scroll of amnesia
 q - 2 scrolls of random uselessness
 z - 2 scrolls of blinking
Jewellery
 e - an amulet of warding (around neck)
 M - a ring of positive energy (left paw)
 P - the amulet "Yvyjued" {Stasis Slay+5}
   (You found it on level 9 of the Dungeon)

   [amulet of stasis]

   It prevents you from being teleported, slowed, hasted or paralysed.
   It affects your accuracy and damage with ranged weapons and melee attacks
   (+5).
 Q - a ring of magical power (right paw)
Potions
 g - 3 potions of resistance
 j - a potion of restore abilities
 p - a potion of beneficial mutation
 u - a potion of magic
 v - a potion of curing
 A - 2 potions of cure mutation
Books
 d - a book of Geomancy

   Spells                             Type                      Level
   *Sandblast                         Earth                        1
   *Stoneskin                         Transmutation/Earth          2
   *Passwall                          Transmutation/Earth          3
   *Stone Arrow                       Conjuration/Earth            3
   Petrify                            Transmutation/Earth          4
   *Lee's Rapid Deconstruction        Earth                        5
 n - a book of Fire

   Spells                             Type                      Level
   Ignite Poison                      Fire/Transmutation           5
   Fireball                           Conjuration/Fire             5
   Bolt of Fire                       Conjuration/Fire             6
   Delayed Fireball                   Conjuration/Fire             7
   Ring of Flames                     Charms/Fire                  7
 x - a book of Spatial Translocations

   Spells                             Type                      Level
   *Apportation                       Translocation                1
   *Blink                             Translocation                2
   Shroud of Golubria                 Charms/Translocation         2
   Portal Projectile                  Translocation                3
   Teleport Other                     Translocation                3
   Passage of Golubria                Translocation                4
 K - a Necronomicon {highlevel, unknown}

   This book is beyond your current level of understanding.

   Spells                             Type                      Level
   Haunt                              Necromancy/Summoning         7
   Borgnjor's Revivification          Necromancy                   8
   Death's Door                       Charms/Necromancy            8
   Necromutation                      Transmutation/Necromancy     8
 L - a book of Alchemy

   Spells                             Type                      Level
   Sublimation of Blood               Necromancy                   2
   Alistair's Intoxication            Transmutation/Poison         4
   Condensation Shield                Ice                          4
   Petrify                            Transmutation/Earth          4
   Ignite Poison                      Fire/Transmutation           5


   Skills:
 + Level 3.5 Fighting
 - Level 4.5 Dodging
 - Level 3.0 Stealth
 - Level 2.4 Unarmed Combat
 + Level 9.8 Spellcasting
 - Level 0.6 Conjurations
 - Level 7.0 Translocations
 - Level 1.1 Transmutations
 * Level 11.0 Earth Magic
 + Level 2.4 Evocations


You had 10 spell levels left.
You knew the following spells:

 Your Spells              Type           Power        Failure   Level  Hunger
a - Sandblast             Erth           #####.       1%          1    None
b - Stone Arrow           Conj/Erth      ####..       1%          3    None
c - Passwall              Trmt/Erth      ####......   1%          3    None
d - Stoneskin             Trmt/Erth      ####....     1%          2    None
e - Blink                 Tloc           N/A          1%          2    None
f - Lee's Rapid Deconstr  Erth           #####.....   1%          5    ####...
g - Apportation           Tloc           ####......   1%          1    None


Dungeon Overview and Level Annotations

Branches:
Dungeon (11/15)            Temple (1/1) D:7             Orc (1/4) D:10
   Lair (0/8) D:8

Altars:
Ashenzari
Cheibriados
Dithmenos
Elyvilon
Fedhas
Kikubaaqudgha
Makhleb
Nemelex Xobeh
Okawaru
Qazlal
Sif Muna
Trog
Vehumet
Xom
Yredelemnul
Zin
The Shining One
Lugonu

Shops:
D:5 [   D:7 (

Portals:
Ice
Cave: Orc:1

Annotations:
D:4 Maja's ghost, average MiBe
D:9 exclusion: ice statue


Innate Abilities, Weirdness & Mutations

You cannot wear armour.
You are incapable of wielding weapons or throwing items.
Your paws have sharp claws.
You have razor-sharp teeth.
You have supernaturally acute eyesight.
You are carnivorous and can eat meat at any time.
You cover ground quickly.
You are covered in thick fur (AC +2).
You have a slow metabolism.
You can jump attack at a medium distance.


Message History

Casting: Blink
Confirm with . or Enter, or press ? or * to list all spells.
Which direction?
You begin to meditate on the wall.
You continue meditating on the rock.
The wolf bites you!
You continue meditating on the rock.
The wolf bites you but does no damage. The polar bear closely misses you.
The polar bear claws you. The polar bear barely misses you.
The polar bear misses you. The polar bear claws you. The polar bear claws you.
The wolf misses you.
You continue meditating on the rock.
The wolf closely misses you. The polar bear bites you.
The polar bear closely misses you.
The polar bear claws you but does no damage.
The polar bear bites you!
* * * LOW HITPOINT WARNING * * *
The polar bear claws you.
* * * LOW HITPOINT WARNING * * *
The polar bear claws you.
You die...

**........%# ##..#
*,......#..## ##.#
**,,##.......# #..#
*,,,*###.#...#*#.## **,**
##....#*..### ***
##.#####...# #...###...##
##..##hh...#*###
#%.##@h∩..#*..##
##.##.....##...#
#..###...###...# ***##.#
*######..## *##
**,*##.########....#####.#
*,,,#...[[).....#.###.#...
*#$......).###..#.##...#.#
*#.....#..[.#*#...).#......
*#.....#.......#.....#..[...


You could see 2 polar bears and a wolf.

Vanquished Creatures
  Pikel (D:8)
  A manticore (D:8)
  Maurice (D:8)
  Psyche (D:8)
  A kobold demonologist (D:10)
  A fire drake (D:8)
  A two-headed ogre (D:10)
  Prince Ribbit (D:5)
  2 polar bears (D:10)
  A yak (Orc:1)
  A hill giant zombie (D:9)
  Eustachio (D:6)
  A hippogriff (D:6)
  2 hill giant skeletons
  A wolf (Orc:1)
  6 ice beasts
  3 orc warriors
  4 phantoms
  5 ogres
  3 centaurs
  7 giant frogs
  An eye of draining (D:3)
  9 killer bees
  4 scorpions
  The ghost of Charly the Charmwright, a weakling DrSk (D:5)
  5 wights (D:9)
  4 goliath beetles
  A centaur zombie (D:7)
  13 crimson imps
  6 orc priests
  4 hounds
  3 jellies
  A two-headed ogre zombie (D:9)
  7 orc wizards
  2 quasits
  2 giant frog skeletons
  2 iguanas
  9 worker ants
  A sky beast zombie (D:5)
  Jessica (D:3)
  An ogre zombie (D:7)
  A hound zombie (D:10)
  An ogre skeleton (D:6)
  13 gnolls
  8 adders
  5 shadow imps
  4 orc skeletons
  2 worms
  An adder zombie (D:7)
  5 orc zombies
  8 giant geckos
  3 oozes (D:4)
  35 orcs
  A ball python (D:4)
  18 bats
  7 giant cockroaches
  7 goblins
  20 hobgoblins
  12 jackals
  15 kobolds
  3 quokkas
  3 giant newts
  A goblin skeleton (D:4)
  A jackal zombie (D:7)
  A kobold skeleton (D:7)
  2 quokka skeletons (D:8)
  14 rats
313 creatures vanquished.

Vanquished Creatures (others)
  An orc (D:8)
  A giant cockroach (D:8)
  A bat (D:8)
3 creatures vanquished.

Grand Total: 316 creatures vanquished

Notes
Turn   | Place    | Note
--------------------------------------------------------------
     0 | D:1      | Kashira, the Felid Earth Elementalist, began the quest for the Orb.
     0 | D:1      | Reached XP level 1. HP: 7/7 MP: 4/4
   123 | D:1      | Reached skill level 3 in Earth Magic
   254 | D:1      | Reached XP level 2. HP: 4/11 MP: 3/5
   830 | D:1      | Reached XP level 3. HP: 6/14 MP: 0/8
  1316 | D:2      | Learned a level 3 spell: Stone Arrow
  2467 | D:2      | Reached XP level 4. HP: 16/18 MP: 8/11
  2720 | D:3      | Noticed Jessica
  2726 | D:3      | Learned a level 3 spell: Passwall
  2747 | D:3      | Killed Jessica
  2778 | D:3      | Found a sparkling altar of Nemelex Xobeh.
  2778 | D:3      | Found a burning altar of Makhleb.
  2779 | D:3      | Found an ancient bone altar of Kikubaaqudgha.
  3079 | D:3      | Reached XP level 5. HP: 21/21 MP: 2/14
  3169 | D:3      | Reached skill level 4 in Dodging
  3173 | D:3      | Learned a level 2 spell: Stoneskin
  3289 | D:3      | Reached skill level 1 in Fighting
  3289 | D:3      | Reached skill level 1 in Unarmed Combat
  4210 | D:3      | Gained mutation: You are covered in thick fur (AC +2). [growing up]
  4210 | D:3      | Gained mutation: You can jump attack at a medium distance. [growing up]
  4210 | D:3      | Reached XP level 6. HP: 25/27 MP: 1/17
  4365 | D:3      | Found a shimmering altar of Xom.
  4366 | D:3      | Found a basalt altar of Yredelemnul.
  4373 | D:3      | Found a bloodstained altar of Trog.
  4557 | D:4      | Reached skill level 1 in Evocations
  4652 | D:4      | HP: 1/28 [orc priest/divine providence (15)]
  5184 | D:4      | Noticed Maja's ghost (average MiBe)
  5404 | D:4      | Learned a level 2 spell: Blink
  5443 | D:4      | Reached XP level 7. HP: 28/31 MP: 12/19
  6144 | D:4      | Killed from afar by an orc priest
  6145 | D:4      | Reached XP level 6. HP: -1/28 MP: 0/18
  6481 | D:5      | Entered Level 5 of the Dungeon
  6498 | D:5      | Noticed Prince Ribbit
  6734 | D:5      | Noticed Charly's ghost (weakling DrSk)
  6750 | D:5      | Killed Charly's ghost
  6750 | D:5      | Reached skill level 1 in Translocations
  6975 | D:5      | Reached XP level 7. HP: 31/31 MP: 14/21
  7394 | D:5      | Reached skill level 5 in Spellcasting
  7447 | D:5      | Reached skill level 5 in Earth Magic
  7626 | D:5      | Killed Prince Ribbit
  7707 | D:5      | Reached XP level 8. HP: 20/34 MP: 5/23
  8125 | D:5      | Found Ybixavve's Antique Armour Shoppe.
  8399 | D:5      | Reached skill level 6 in Earth Magic
  8462 | D:5      | Noticed a soldier ant
  8462 | D:5      | Noticed a soldier ant
  9649 | D:6      | Noticed Eustachio
  9660 | D:6      | Killed Eustachio
  9890 | D:6      | Found an iron altar of Okawaru.
 10025 | D:6      | Learned a level 5 spell: Lee's Rapid Deconstruction
 10329 | D:6      | Reached skill level 5 in Translocations
 10457 | D:6      | Reached skill level 7 in Earth Magic
 10492 | D:6      | Reached XP level 9. HP: 38/38 MP: 2/25
 12295 | D:7      | Found a white marble altar of Elyvilon.
 12440 | D:7      | Found a staircase to the Ecumenical Temple.
 12448 | Temple   | Entered the Ecumenical Temple
 12496 | Temple   | Became a worshipper of Vehumet
 12808 | D:7      | Found Mneira's Antique Weapon Shoppe.
 12852 | D:7      | Reached skill level 8 in Earth Magic
 13114 | D:8      | Noticed a manticore
 13115 | D:8      | Found a staircase to the Lair.
 13126 | D:8      | Killed a manticore
 13621 | D:8      | Noticed Maurice
 13664 | D:8      | Killed Maurice
 13686 | D:8      | Noticed Psyche
 13775 | D:8      | Killed Psyche
 13775 | D:8      | Reached skill level 9 in Earth Magic
 13775 | D:8      | Reached XP level 10. HP: 15/42 MP: 24/28
 14119 | D:8      | Noticed a fire drake
 14137 | D:8      | Slain by a fire drake
 14138 | D:8      | Reached XP level 9. HP: 0/38 MP: 19/27
 14204 | D:8      | Noticed Pikel
 14407 | D:8      | Killed a fire drake
 14509 | D:8      | Killed Pikel
 14878 | D:8      | Acquired Vehumet's first power
 14878 | D:8      | Offered knowledge of Shock by Vehumet.
 15950 | D:9      | Offered knowledge of Throw Flame by Vehumet.
 16082 | D:9      | Reached skill level 10 in Earth Magic
 16198 | D:9      | Reached XP level 10. HP: 29/42 MP: 13/29
 17003 | D:9      | Noticed an ice statue
 17120 | D:10     | Entered Level 10 of the Dungeon
 17150 | D:10     | Found a staircase to the Orcish Mines.
 17400 | D:10     | Learned a level 1 spell: Apportation
 17699 | D:9      | Got a faintly glowing ruby amulet
 17701 | D:9      | Identified the amulet "Yvyjued" {Stasis Slay+5} (You found it on level 9 of the Dungeon)
 18559 | D:10     | Offered knowledge of Inner Flame by Vehumet.
 19078 | D:10     | Acquired Vehumet's second power
 19334 | D:11     | Noticed a six-headed hydra
 19360 | Orc:1    | Entered Level 1 of the Orcish Mines
 19409 | Orc:1    | Found a frozen archway.
 19411 | Orc:1    | Noticed an ice dragon
 19596 | D:10     | HP: 2/42 [polar bear (1)]
 19598 | D:10     | Offered knowledge of Throw Icicle by Vehumet.
 19598 | D:10     | Reached skill level 11 in Earth Magic
 19771 | Orc:1    | HP: 1/63 [ice dragon (7)]
 19773 | Orc:1    | Slain by an ice dragon
 19774 | Orc:1    | Reached XP level 9. HP: -2/57 MP: 27/38
 19777 | Orc:1    | HP: 1/38 [polar bear (3)]
 19777 | Orc:1    | Slain by a polar bear

Action                   |  1- 3 |  4- 6 |  7- 9 | 10-12 || total
-------------------------+-------+-------+-------+-------++-------
Melee: Unarmed           |    72 |    69 |    71 |     9 ||   221
 Cast: Sandblast         |    46 |    44 |   169 |    15 ||   274
       Stone Arrow       |     9 |    49 |   236 |   125 ||   419
       Stoneskin         |       |       |     8 |     3 ||    11
       Passwall          |       |       |     2 |     2 ||     4
       Lee's Rapid Decon |       |       |     1 |    17 ||    18
       Apportation       |       |       |       |     6 ||     6
       Blink             |       |       |       |     5 ||     5
 Abil: Jump Attack       |       |     1 |     1 |       ||     2
Evoke: Wand              |       |     6 |    17 |    11 ||    34
  Use: Scroll            |       |     7 |     8 |     9 ||    24
       Potion            |       |       |     6 |     7 ||    13
 Stab: Sleeping          |     6 |     2 |       |       ||     8
       Distracted        |       |       |       |     1 ||     1
  Eat: Chunk             |    11 |    17 |    37 |    10 ||    75
